Map: Ascension to Aiur LE

Players

Serral

  • Race: Zerg Zerg
  • League: Grandmaster
  • Spawn Location: 5:00

ShoWTimE - Winner!

  • Race: Protoss Protoss
  • League: Grandmaster
  • Spawn Location: 11:00

Event: WESG Barcelona European Finals 2017

VOD

Have the link to the VOD?

Description

Time

  • Played on: Nov. 24, 2017, 11:35 a.m.
  • Length: 13:16

All games in this series

Show
View Real Time Build Order
Export as new Build Order

Serral Zerg 

Build Orders: Hatch First 

Get SALT Encoding   

  12  0:00  Drone  
  13  0:12  Overlord  
  13  0:17  Drone  
  14  0:30  Drone x2  
  14  0:33  Drone  
  17  0:50  Hatchery  
  17  0:54  Drone  
  17  0:57  Drone  
  18  1:01  Extractor  
  17  1:12  Spawning Pool  
  17  1:15  Drone  
  17  1:18  Drone  
  18  1:27  Drone  
  19  1:37  Overlord  
  19  1:52  Drone  
  20  1:59  Zergling x2, Queen  
  20  2:01  Metabolic Boost  
  23  2:02  Queen  
  23  2:06  Zergling x2  
  26  2:10  Drone  
  26  2:14  Drone  
  28  2:21  Drone  
  29  2:24  Drone  
  30  2:31  Drone  
  31  2:38  Hatchery  
  31  2:44  Queen  
  30  2:50  Overlord  
  32  2:54  Zergling x4  
  32  2:56  Drone  
  35  2:58  Drone  
  36  3:06  Overlord  
  36  3:09  Zergling x2  
  36  3:10  Drone x2  
  36  3:12  Drone  
  40  3:18  Drone x2  
  42  3:23  Queen  
  44  3:31  Drone x2  
  44  3:40  Drone x4  
  45  3:43  Drone x2  
  45  3:46  Overlord  
  47  3:49  Spore Crawler  
  47  3:51  Drone  
  47  3:55  Overlord  
  47  3:57  Drone  
  47  4:02  Lair  
  48  4:06  Drone x2  
  48  4:08  Drone  
  50  4:11  Extractor x2  
  50  4:14  Queen  
  50  4:18  Spore Crawler  
  50  4:20  Drone  
  50  4:22  Drone x2  
  52  4:27  Drone x3  
  52  4:29  Drone  
  56  4:34  Overlord  
  56  4:35  Drone  
  56  4:37  Drone x2  
  59  4:39  Drone  
  59  4:42  Overlord  
  59  4:44  Drone  
  61  4:46  Drone  
  61  4:48  Drone  
  61  4:51  Spore Crawler, Drone  
  63  4:57  Drone x3  
  63  4:58  Zergling x4  
  68  5:01  Overlord  
  68  5:10  Hydralisk Den, Drone x4  
  68  5:12  Overlord  
  68  5:14  Overlord  
  71  5:17  Extractor  
  68  5:22  Drone x2  
  70  5:39  Evolution Chamber  
  70  5:40  Hydralisk x4, Muscular Augments  
  70  5:41  Hydralisk  
  79  5:45  Drone x2  
  79  5:47  Drone x3  
  79  5:48  Drone  
  79  5:49  Drone  
  80  5:51  Drone x3  
  80  5:52  Overlord  
  80  5:55  Drone x2  
  85  5:57  Drone  
  85  6:00  Drone  
  85  6:01  Drone  
  88  6:04  Overlord  
  88  6:09  Hydralisk  
  90  6:12  Overseer  
  90  6:13  Drone, Baneling Nest  
  90  6:17  Extractor  
  89  6:18  Hatchery  
  89  6:21  Zerg Missile Weapons Level 1  
  89  6:25  Drone x2  
  90  6:26  Hydralisk  
  90  6:31  Hydralisk x3  
  98  6:36  Overlord  
  98  6:38  Zergling x6  
  98  6:48  Drone x2  
  98  6:49  Hydralisk  
  98  6:50  Hydralisk x2  
  106  6:56  Zergling x8  
  110  7:01  Overlord  
  110  7:04  Drone x7  
  110  7:07  Centrifical Hooks  
  117  7:13  Overlord  
  118  7:15  Drone x2  
  118  7:16  Drone  
  118  7:22  Overlord  
  119  7:23  Spore Crawler  
  119  7:26  Zergling x4  
  119  7:27  Zergling x2  
  121  7:32  Zergling x4  
  121  7:33  Zergling x4  
  125  7:40  Zergling x8, Evolution Chamber  
  125  7:44  Overlord  
  128  7:49  Spire, Drone x4  
  128  7:50  Drone  
  128  7:51  Extractor  
  131  7:57  Zergling x2, Hydralisk x4  
  140  8:10  Zerg Melee Weapons Level 1  
  140  8:11  Drone x2  
  142  8:13  Overlord  
  142  8:16  Hydralisk x4  
  142  8:19  Hatchery  
  148  8:23  Hydralisk x2  
  148  8:24  Zergling x6  
  149  8:28  Overlord x2  
  149  8:31  Overlord  
  149  8:33  Overlord  
  149  8:36  Zerg Missile Weapons Level 2  
  149  8:37  Overlord  
  149  8:51  Hydralisk x3  
  149  8:53  Zergling x10  
  160  9:01  Corruptor x5  
  168  9:03  Zerg Flyer Weapons Level 1  
  168  9:07  Corruptor  
  170  9:12  Corruptor x2  
  170  9:16  Infestation Pit  
  173  9:19  Hydralisk  
  173  9:20  Zergling x2, Hydralisk  
  173  9:21  Zergling x4  
  180  9:26  Zergling x10  
  185  9:32  Corruptor  
  185  9:33  Corruptor  
  185  9:36  Queen  
  185  9:38  Drone, Extractor  
  190  9:39  Drone  
  190  9:41  Overlord  
  190  9:43  Baneling x7  
  190  9:44  Baneling x3  
  192  9:49  Zergling x10  
  197  9:53  Hive  
  197  9:56  Zergling x2  
  197  9:57  Zergling x4  
  199  10:00  Baneling x5  
  199  10:01  Baneling x2  
  199  10:03  Baneling x2  
  198  10:11  Zergling x14  
  197  10:16  Corruptor x2  
  199  10:21  Zerg Melee Weapons Level 2  
  199  10:27  Zergling x2  
  200  10:32  Baneling x8  
  194  10:47  Zergling x2  
  194  10:48  Zergling x34  
  186  10:56  Hydralisk x4  
  186  10:57  Zergling x18  
  174  11:02  Hydralisk  
  174  11:03  Zergling x4, Hydralisk  
  181  11:06  Baneling x3  
  181  11:09  Baneling x8  
  181  11:10  Baneling x2  
  181  11:11  Baneling  
  181  11:14  Zergling x6  
  181  11:15  Zergling x2  
  180  11:22  Zergling x12  
  180  11:24  Baneling x3  
  180  11:25  Baneling x9  
  178  11:32  Hydralisk x3  
  177  11:33  Zergling x4  
  181  11:41  Zergling x16  
  176  11:49  Zergling x4  
  176  11:50  Zergling x12  
  176  11:53  Greater Spire  
  175  11:55  Baneling  
  175  11:56  Baneling x7  
  175  12:01  Zergling x10  
  174  12:14  Hydralisk x2  
  174  12:15  Zergling x4, Hydralisk  
  148  12:16  Zergling x16  
  148  12:20  Zergling x8  
  148  12:21  Zergling x4  
  148  12:22  Baneling x5  
  154  12:23  Baneling  
  154  12:28  Zergling x2  
  154  12:29  Zergling x8  
  156  12:36  Hydralisk x4  
  160  12:39  Baneling x4  
  160  12:40  Baneling  
  160  12:42  Baneling x4  
  157  12:46  Zergling x8  
  157  12:47  Zergling x2  
  159  12:51  Zergling x10  
Show
View Real Time Build Order
Export as new Build Order

ShoWTimE Protoss - Winner!

Build Orders: Nexus First, Oracle Opening 

Get SALT Encoding   

  12  0:00  Probe  
  13  0:12  Probe  
  14  0:18  Pylon  
  14  0:24  Probe (Chrono Boost)  
  15  0:36  Probe (Chrono Boost)  
  17  0:46  Probe (Chrono Boost)  
  17  0:58  Nexus  
  17  1:07  Gateway  
  17  1:10  Probe (Chrono Boost)  
  19  1:18  Assimilator  
  19  1:21  Probe (Chrono Boost)  
  19  1:24  Probe  
  20  1:26  Assimilator  
  20  1:36  Probe  
  21  1:42  Gateway  
  21  1:48  Probe  
  22  1:54  Cybernetics Core  
  22  2:00  Probe  
  23  2:03  Pylon  
  23  2:10  Probe  
  23  2:12  Probe  
  25  2:22  Probe  
  26  2:24  Probe  
  27  2:30  Adept x2 (Chrono Boost)  
  27  2:32  Warp Gate  
  27  2:34  Probe  
  27  2:37  Probe  
  33  2:45  Stargate  
  33  2:47  Probe  
  34  2:52  Adept  
  36  2:59  Adept  
  36  3:01  Probe  
  36  3:02  Probe  
  40  3:13  Probe  
  40  3:14  Probe  
  40  3:18  Pylon  
  42  3:25  Probe  
  42  3:26  Probe  
  44  3:36  Oracle (Chrono Boost)  
  44  3:38  Probe (Chrono Boost)  
  44  3:41  Probe (Chrono Boost)  
  47  3:43  Adept x2  
  47  3:47  Pylon  
  49  3:50  Probe (Chrono Boost)  
  52  3:57  Probe x2 (Chrono Boost)  
  52  4:02  Probe  
  53  4:04  Phoenix  
  53  4:05  Probe  
  53  4:07  Assimilator  
  53  4:09  Pylon  
  56  4:11  Assimilator  
  56  4:14  Probe  
  56  4:16  Robotics Facility  
  58  4:17  Probe  
  58  4:26  Probe  
  58  4:28  Shield Battery  
  58  4:29  Probe  
  60  4:33  Oracle  
  60  4:36  Pylon  
  63  4:38  Probe  
  64  4:48  Nexus, Probe  
  64  4:50  Probe  
  64  4:52  Pylon  
  66  4:54  Sentry  
  66  4:55  Sentry  
  70  5:00  Probe  
  70  5:03  Pylon, Warp Prism, Probe  
  74  5:12  Probe  
  75  5:15  Probe, Shield Battery  
  76  5:25  Twilight Council, Probe (Chrono Boost)  
  76  5:26  Forge  
  76  5:27  Probe (Chrono Boost)  
  80  5:37  Pylon, Probe x2 (Chrono Boost)  
  80  5:39  Probe  
  80  5:40  Assimilator  
  80  5:41  Probe  
  81  5:44  Assimilator  
  81  5:51  Probe  
  81  5:53  Probe  
  81  5:55  Gateway  
  81  5:56  Gateway  
  80  6:00  Sentry  
  80  6:01  Probe  
  80  6:02  Blink  
  80  6:03  Probe  
  84  6:05  Robotics Bay  
  84  6:07  Probe (Chrono Boost)  
  84  6:08  Protoss Ground Weapons Level 1 (Chrono Boost)  
  84  6:14  Probe (Chrono Boost)  
  87  6:24  Gateway  
  87  6:25  Probe x3 (Chrono Boost)  
  88  6:26  Photon Cannon  
  88  6:27  Probe  
  88  6:31  Observer (Chrono Boost)  
  90  6:47  Stalker x2  
  90  6:52  Colossus (Chrono Boost)  
  90  6:53  Gateway  
  100  6:56  Gateway, Extended Thermal Lance  
  100  6:57  Pylon  
  100  6:59  Gateway  
  100  7:04  Forge, Shield Battery  
  100  7:06  Stalker x2  
  104  7:13  Pylon  
  104  7:21  Stalker  
  104  7:22  Stalker  
  108  7:24  Shield Battery  
  108  7:26  Colossus (Chrono Boost)  
  112  7:40  Nexus  
  112  7:44  Pylon, Protoss Ground Armor Level 1 (Chrono Boost)  
  112  7:47  Pylon  
  112  7:50  Photon Cannon, Shield Battery  
  112  7:53  Pylon  
  112  7:55  Stalker x2  
  112  7:56  Stalker  
  118  8:02  Zealot x3  
  118  8:03  Charge (Chrono Boost)  
  124  8:10  Zealot x2  
  127  8:18  Protoss Ground Weapons Level 2 (Chrono Boost)  
  127  8:19  Colossus (Chrono Boost)  
  127  8:20  Zealot  
  127  8:21  Zealot  
  127  8:24  Zealot  
  135  8:27  Stalker  
  135  8:33  Stalker x2  
  139  8:37  Probe  
  139  8:38  Probe  
  139  8:41  Pylon  
  141  8:47  Pylon  
  141  8:48  Pylon  
  141  8:55  Shield Battery  
  141  8:56  Zealot, Shield Battery  
  141  8:57  Shield Battery  
  141  8:58  Photon Cannon  
  141  9:00  Probe  
  141  9:01  Probe x2  
  145  9:06  Immortal (Chrono Boost)  
  149  9:13  Templar Archives  
  149  9:14  Assimilator  
  149  9:17  Zealot x2  
  149  9:18  Assimilator  
  153  9:25  Zealot x3  
  159  9:31  Zealot x2  
  159  9:34  Protoss Ground Armor Level 2 (Chrono Boost)  
  159  9:37  Pylon  
  163  9:40  Immortal  
  167  9:49  Shield Battery, High Templar x6  
  179  9:53  Archon x2  
  179  9:54  Archon  
  179  9:56  High Templar x2  
  183  10:00  Photon Cannon, Archon  
  183  10:01  Photon Cannon  
  181  10:17  Protoss Ground Weapons Level 3 (Chrono Boost)  
  179  10:23  Gateway, Stalker x3  
  179  10:24  Zealot x3  
  179  10:25  Gateway  
  191  10:35  Zealot x2  
  177  10:53  Zealot x6  
  159  11:01  Zealot x2  
  159  11:03  Probe  
  159  11:04  Probe  
  165  11:10  Pylon  
  165  11:14  High Templar x6  
  165  11:18  Archon x3  
  177  11:24  High Templar x4  
  183  11:27  Pylon  
  183  11:28  Archon  
  183  11:29  Archon  
  179  11:49  Zealot x5  
  179  11:50  Zealot  
  179  11:51  Warp Prism (Chrono Boost)  
  187  11:56  Stalker x4  
  193  12:11  Zealot x6  
  147  12:16  Immortal (Chrono Boost)  
  143  12:23  Zealot x4  
  151  12:38  High Templar x6  
  151  12:43  Archon  
  163  12:44  Archon  
  163  12:45  High Templar x4  
  163  12:46  Archon  
  163  12:50  Archon x2  
  171  12:52  Nexus  
  171  12:53  Pylon  
Tags
 
Add a new tag
Caveats
  • Supply blocks, unpowered buildings, or Contaminate may cause inaccurate times.
  • Supply counts are checked every 10 seconds.